 Dungeon Crawl Stone Soup version 0.29.0-4-gdea44cf6ec (webtiles) character file.

Game seed: 17444528917617616497

135 qw the Chopper (level 5, 0/30 HPs)
             Began as a Tengu Warper on Aug 28, 2022.
             Succumbed to an adder's poison
             ... on level 3 of the Dungeon.
             The game lasted 00:00:18 (2877 turns).

qw the Chopper (Tengu Warper)                       Turns: 2877, Time: 00:00:19

Health: 0/30       AC:  6    Str: 14    XL:     5   Next: 18%
Magic:  9/9        EV: 11    Int: 13    God:
Gold:   29         SH:  0    Dex: 13    Spells: 8/8 levels left

rFire   . . .      SeeInvis .   Y - +1 hand axe
rCold   . . .      Faith    .   (no shield)
rNeg    . . .      Spirit   .   b - +0 scale mail
rPois   .          Reflect  .   (helmet restricted)
rElec   .          Harm     .   (no cloak)
rCorr   .          Rampage  .   (no gloves)
Will    .....                   (boots unavailable)
Stlth   ..........              (no amulet)
HPRegen 0.10/turn               (no ring)
MPRegen 0.11/turn               (no ring)

@: lethally poisoned (0 -> -4), flying quickly and evasively, quick
A: beak, talons 3, nimble flight
a: no special abilities


You were on level 3 of the Dungeon.
You visited 1 branch of the dungeon, and saw 3 of its levels.

You collected 51 gold pieces.
You spent 22 gold pieces at shops.


Innate Abilities, Weirdness & Mutations

You have a beak for a mouth.
You have claws for feet.
Your magical nature lets you fly swiftly and evasively.


   Skills:
 - Level 2.0 Fighting
 + Level 5.7 Axes
 - Level 1.0 Throwing
 - Level 1.1 Armour
 - Level 2.1 Dodging
 - Level 2.0 Spellcasting
 - Level 2.4 Translocations


You had 8 spell levels left.
You didn't know any spells.
Your spell library contained the following spells:

 Spells                   Type           Power      Damage    Failure   Level
 Blink                    Tloc           14%        N/A       54%         2
 Gell's Gravitas          Tloc           7%         N/A       77%         3
 Lesser Beckoning         Tloc           7%         N/A       77%         3
 Teleport Other           Tloc           7%         N/A       77%         3
 Manifold Assault         Tloc           7%         N/A       100%        5

Inventory:

Hand Weapons
 n - a +0 hammer
 Y - a +1 hand axe (weapon)
Armour
 b - a +0 scale mail (worn)
Jewellery
 f - a ring of fire
Scrolls
 c - 2 scrolls of identify
Potions
 h - a potion of resistance
 m - a potion of curing

Dungeon Overview and Level Annotations

Branches:
Dungeon (3/15)

Altars:

Shops:
D:1 *   D:2 !?   D:3 !

Annotations:
D:2 1 runed translucent door, Crazy Yiuf


Message History

You hit the adder.
The adder is moderately wounded.
You feel sick. The adder bites you but does no damage.
You hit the adder. Your kick misses the adder.
The adder is almost dead.
You barely miss the hobgoblin.
You feel sick. The adder bites you but does no damage. The hobgoblin hits you.
You miss the adder. Your kick misses the adder.
The adder is almost dead.
You hit the hobgoblin. You hit the adder.
You feel sick. The adder bites you.
You are lethally poisoned!
The adder poisons you! The adder bites you but does no damage.
The hobgoblin hits you but does no damage.
You closely miss the adder. Your kick misses the adder.
The adder is almost dead.
You hit the hobgoblin but do no damage. You closely miss the adder.
You feel very sick. The adder misses you.
The adder bites you but does no damage. x2
The hobgoblin hits you but does no damage.
You hit the adder.
You kill the adder!
You hit the hobgoblin. You barely miss the adder.
You feel sick. The adder bites you but does no damage.
The hobgoblin closely misses you.
You barely miss the hobgoblin. Your peck misses the hobgoblin.
The hobgoblin is severely wounded.
You hit the adder but do no damage.
You feel sick. The adder bites you but does no damage.
The hobgoblin hits you but does no damage.
You closely miss the hobgoblin. You claw the hobgoblin.
You kill the hobgoblin!
You hit the rat.
You kill the rat!
You hit the adder.
You feel sick. The adder bites you but does no damage. The adder bites you.
You barely miss the adder. Your kick misses the adder.
You peck the adder, but do no damage.
The adder is heavily wounded.
You die...

####+##
#......##
........##
.......@.#
......S%.#
.........#
.....~...#
.?~!.....#
../......#
........##
....!...#


You could see an adder.

Vanquished Creatures
  2 gnolls (D:3)
  6 adders
  A worm (D:2)
  2 dart slugs
  5 endoplasms
  8 goblins
  6 hobgoblins
  6 jackals (D:2)
  3 quokkas
  6 ball pythons
  A frilled lizard (D:1)
  2 kobolds (D:2)
  4 rats
52 creatures vanquished.

Notes
Turn   | Place    | Note
-------+----------+-------------------------------------------
     0 | D:1      | qw the Tengu Warper began the quest for the Orb.
     0 | D:1      | Reached XP level 1. HP: 12/12 MP: 4/4
     0 | D:1      | 0 ||| qw: Version: 0.1-a-89-g26bdef1
     0 | D:1      | 0 ||| qw: Game counter: 1533
     0 | D:1      | 0 ||| qw: Always use a shield: true
     0 | D:1      | 0 ||| qw: God list: Okawaru
     0 | D:1      | 0 ||| qw: Allow faded altars: false
     0 | D:1      | 0 ||| qw: Do Orc after D:15 true
     0 | D:1      | 0 ||| qw: Do second Lair branch before Depths: true
     0 | D:1      | 0 ||| qw: Lair rune preference: random
     0 | D:1      | 0 ||| qw: Plans: Normal
     0 | D:1      | 0 ||| PLANNING D:1-11
   103 | D:1      | 103 ||| READING scroll labelled DOB CEDIXAQUSS.
   104 | D:1      | 104 ||| READING scroll labelled MYBLUCWOHUA.
   114 | D:1      | 114 ||| DROPPING scroll of blinking.
   115 | D:1      | 115 ||| Stepping randomly (stuck).
   122 | D:1      | Reached XP level 2. HP: 17/17 MP: 6/6
   127 | D:1      | 127 ||| Stepping randomly (stuck).
   127 | D:1      | Found Emasexzue's General Store.
   128 | D:1      | 128 ||| Stepping randomly (stuck).
   129 | D:1      | 129 ||| Stepping randomly (stuck).
   130 | D:1      | 130 ||| Stepping randomly (stuck).
   131 | D:1      | 131 ||| Stepping randomly (stuck).
   132 | D:1      | 132 ||| Stepping randomly (stuck).
   141 | D:1      | Reached skill level 3 in Axes
   276 | D:1      | 276 ||| SHOPLISTING potion of curing (36 gold, have 32).
   430 | D:1      | 430 ||| Stepping ~*~*~tactically~*~*~ (stealth).
   431 | D:1      | 431 ||| Stepping ~*~*~tactically~*~*~ (stealth).
   476 | D:1      | Found a faded altar of an unknown god.
  1087 | D:1      | 1087 ||| UPGRADING to +0 ring mail.
  1097 | D:1      | 1097 ||| DROPPING +0 leather armour.
  1098 | D:1      | 1098 ||| READING scroll labelled YFUQIE YQ RUI.
  1103 | D:1      | 1103 ||| READING 2 scrolls labelled RAADEI SEERGH.
  1104 | D:1      | 1104 ||| READING 4 scrolls of identify.
  1104 | D:1      | 1104 ||| IDENTIFYING fizzy coppery potion
  1105 | D:1      | 1105 ||| DROPPING scroll of noise.
  1152 | D:2      | 1152 ||| STAIRDANCE
  1155 | D:1      | Reached XP level 3. HP: 21/21 MP: 7/7
  1161 | D:2      | Reached skill level 4 in Axes
  1161 | D:2      | HP: 5/21 [poisoned by an adder]
  1162 | D:2      | 1162 ||| STAIRDANCE
  1692 | D:2      | Found Cekleaq's Magic Scroll Shoppe.
  1695 | D:2      | 1695 ||| SHOPLISTING 3 scrolls of brand weapon (313 gold,
                  | have 44).
  1695 | D:2      | 1695 ||| SHOPLISTING 3 scrolls of teleportation (99 gold,
                  | have 44).
  1695 | D:2      | 1695 ||| BUYING scroll of identify (22 gold).
  1695 | D:2      | Bought a scroll of identify for 22 gold pieces
  1695 | D:2      | 1695 ||| SHOPLISTING scroll of teleportation (33 gold, have
                  | 22).
  1696 | D:2      | 1696 ||| Stepping ~*~*~tactically~*~*~ (hiding).
  1707 | D:2      | Reached XP level 4. HP: 26/26 MP: 8/8
  1723 | D:2      | 1723 ||| FLEEEEING.
  1724 | D:2      | 1724 ||| FLEEEEING.
  1729 | D:2      | 1729 ||| FLEEEEING.
  1730 | D:2      | 1730 ||| STAIRDANCE
  1916 | D:2      | 1916 ||| STAIRDANCE
  2049 | D:2      | 2049 ||| Stepping ~*~*~tactically~*~*~ (stealth).
  2051 | D:2      | 2051 ||| Stepping ~*~*~tactically~*~*~ (stealth).
  2053 | D:2      | 2053 ||| Stepping ~*~*~tactically~*~*~ (stealth).
  2054 | D:2      | 2054 ||| Stepping ~*~*~tactically~*~*~ (stealth).
  2055 | D:2      | 2055 ||| Stepping ~*~*~tactically~*~*~ (stealth).
  2059 | D:2      | Reached skill level 5 in Axes
  2075 | D:2      | 2075 ||| Stepping ~*~*~tactically~*~*~ (stealth).
  2075 | D:2      | Found Wehen's Distillery.
  2076 | D:2      | 2076 ||| Stepping ~*~*~tactically~*~*~ (stealth).
  2080 | D:2      | 2080 ||| Stepping ~*~*~tactically~*~*~ (stealth).
  2082 | D:2      | 2082 ||| Stepping ~*~*~tactically~*~*~ (stealth).
  2089 | D:2      | 2089 ||| Stepping ~*~*~tactically~*~*~ (stealth).
  2095 | D:2      | 2095 ||| Stepping ~*~*~tactically~*~*~ (stealth).
  2149 | D:2      | 2149 ||| SHOPLISTING potion of curing (39 gold, have 22).
  2149 | D:2      | 2149 ||| SHOPLISTING potion of heal wounds (65 gold, have
                  | 22).
  2330 | D:2      | Found a runed translucent door.
  2331 | D:2      | 2331 ||| DROPPING +0 club.
  2332 | D:2      | Noticed Crazy Yiuf
  2646 | D:2      | 2646 ||| UPGRADING to +0 scale mail.
  2656 | D:2      | 2656 ||| DROPPING +0 ring mail.
  2657 | D:2      | 2657 ||| READING scroll labelled QIMAPPICOU.
  2801 | D:2      | 2801 ||| READING scroll labelled POTHOE ORAGG.
  2802 | D:2      | 2802 ||| READING scroll labelled LOXOD MANUUZUFF.
  2803 | D:2      | 2803 ||| READING scroll labelled QAWKET LADOZU.
  2804 | D:2      | 2804 ||| READING 5 scrolls of identify.
  2804 | D:2      | 2804 ||| IDENTIFYING golden potion
  2805 | D:2      | 2805 ||| READING 4 scrolls of identify.
  2805 | D:2      | 2805 ||| IDENTIFYING dark potion
  2806 | D:2      | 2806 ||| READING 3 scrolls of identify.
  2806 | D:2      | 2806 ||| IDENTIFYING grey potion
  2807 | D:2      | 2807 ||| DROPPING potion of brilliance.
  2839 | D:3      | Found Pocaur's Distillery.
  2847 | D:3      | 2847 ||| SHOPLISTING 2 potions of might (104 gold, have
                  | 29).
  2847 | D:3      | 2847 ||| SHOPLISTING potion of curing (39 gold, have 29).
  2847 | D:3      | 2847 ||| SHOPLISTING potion of heal wounds (65 gold, have
                  | 29).
  2854 | D:3      | 2854 ||| Stepping ~*~*~tactically~*~*~ (stealth).
  2857 | D:3      | 2857 ||| Stepping ~*~*~tactically~*~*~ (stealth).
  2861 | D:3      | Gained mutation: Your magical nature lets you fly swiftly
                  | and evasively. [Tengu growth]
  2861 | D:3      | Reached XP level 5. HP: 21/30 MP: 9/9
  2864 | D:3      | HP: 7/30 [gnoll/+0 spear (2)]
  2865 | D:3      | 2865 ||| READING scroll of teleportation.
  2865 | D:3      | HP: 3/30 [gnoll/+0 spear (4)]
  2866 | D:3      | 2866 ||| DRINKING potion of heal wounds.
  2874 | D:3      | HP: 6/30 [poisoned by an adder]
  2876 | D:3      | HP: 1/30 [adder (2)]
  2877 | D:3      | Succumbed to an adder's poison

Levels and vault maps discovered:
D:1:      minmay_arrival_four_houses, layout_loops_ring, serial_shops, shop,
          hellmonk_ecumenical_altar_arch_garden, dreamdust_princess_bridge,
          minmay_pentomino_z4
D:2:      layout_rooms, serial_shops, nicolae_shop_crystal,
          nicolae_shop_behind_doors, uniq_crazy_yiuf_cottage
D:3:      layout_rooms, serial_shops, shop, kennysheep_potato

Skill      XL: |  1  2  3  4 |
---------------+-------------+-----
Axes           | 3 4 5 |  5.7
Fighting       | |  2.0
Throwing       | |  1.0
Armour         | |  1.1
Dodging        | |  2.1
Spellcasting   | |  2.0
Translocations | |  2.4

Action                   |  1- 3 |  4- 6 || total
-------------------------+-------+-------++-------
Melee: Hand axe          |    81 |    73 ||   154
       Kick              |    25 |    16 ||    41
       Peck              |     5 |    16 ||    21
Throw: Boomerang         |     7 |       ||     7
  Use: Scroll            |     5 |     8 ||    13
       Potion            |       |     1 ||     1
Armor: Leather armour    |     2 |       ||     2
       Ring mail         |    22 |    22 ||    44
       Scale mail        |       |    11 ||    11
Dodge: Dodged            |    48 |    35 ||    83

Table legend:
 A = Non-vault XP
 B = Vault XP
 C = Vault XP percentage of total XP
 D = Non-vault monster count
 E = Vault monster count
 F = Vault count percentage of total count
                 A         B        C        D         E       F
            +---------+---------+-------+---------+---------+-------
      Total |     190 |       4 |   2.1 |      50 |       2 |   3.8
            +---------+---------+-------+---------+---------+-------
        D:1 |      30 |       4 |  11.8 |      16 |       2 |  11.1
        D:2 |     115 |       0 |   0.0 |      29 |       0 |   0.0
        D:3 |      45 |       0 |   0.0 |       5 |       0 |   0.0
            +---------+---------+-------+---------+---------+-------
